 Dungeon Crawl Stone Soup version 0.32-a0-933-ga8fa3634e4 (webtiles) character file.

Game seed: 13136005997735501989

13444 runemasterragnar the Fighter (level 12, 0/90 HPs)
             Began as a Coglin Artificer on Apr 14, 2024.
             Was a Believer of Hepliaklqana.
             Slain by a polar bear (23 damage)
             ... on level 1 of the Lair of Beasts.
             The game lasted 00:18:47 (13157 turns).

runemasterragnar the Fighter (Coglin Artificer)    Turns: 13157, Time: 00:18:47

Health: 0/90       AC: 10    Str: 18    XL:     12   Next: 6%
Magic:  12/12      EV:  9    Int: 11    God:    Hepliaklqana [**....]
Gold:   445        SH:  0    Dex: 14    Spells: 11/11 levels left

rFire   . . .        O - +5 trident (flame) {Dongyul}
rCold   . . .        j - +4 war axe (freeze) {Edmée}
rNeg    . . .        P - +0 swamp dragon scales
rPois   +            (no helmet)
rElec   .            (no cloak)
rCorr   .            (no gloves)
SInv    .            y - +0 pair of boots
Will    .....        (amulet unavailable)
Stlth   +            (ring unavailable)
HPRegen 0.35/turn    (ring unavailable)
MPRegen 0.13/turn    (no gizmo)

%: no passive effects
@: revved
A: reduced essence, off-hand wielding, slow wielding, warmup strikes, no
jewellery
a: Invent Gizmo, Renounce Religion, Recall Ancestor, Ancestor Identity


You were on level 1 of the Lair of Beasts.
You worshipped Hepliaklqana.
Hepliaklqana was pleased with you.
You visited 3 branches of the dungeon, and saw 13 of its levels.

You collected 727 gold pieces.
You spent 282 gold pieces at shops.

Inventory:

Hand Weapons
 b - the +5 dire flail of Slime {heavy, Int+4 Stlth+}
   (You bought it in a shop on level 3 of the Dungeon)

   Int+4:     It affects your intelligence (+4).
   Stlth+:    It makes you more stealthy.
 j - a +4 war axe of freezing (offhand) {Edmée}
 k - a +0 short sword of venom {Thatsani}
 l - a +0 dagger of venom {Imanvir}
 m - a +0 long sword
 p - a +0 short sword
 O - a +5 trident of flaming (weapon) {Dongyul}
Missiles
 f - 8 boomerangs (quivered)
 u - 11 atropa-tipped darts
 H - 5 javelins
 I - 12 poisoned darts
 L - a throwing net
Armour
 h - a +0 ring mail
 s - a +0 scale mail
 v - a +1 pair of boots
 y - a +0 pair of boots (worn)
 P - +0 swamp dragon scales (worn)
Wands
 c - a wand of flame (10)
 d - a wand of charming (11)
 e - a wand of iceblast (19)
 n - a wand of light (4)
 K - a wand of paralysis (5)
 M - a wand of polymorph (9)
 N - a wand of digging (5)
 S - a wand of mindburst (4)
Scrolls
 a - 5 scrolls of teleportation
 g - 5 scrolls of enchant armour
 q - a scroll of blinking
 r - a scroll of brand weapon
 t - 5 scrolls of revelation
 x - 2 scrolls of amnesia
 B - 3 scrolls of noise
 C - a scroll of immolation
 E - 6 scrolls of identify
 G - 2 scrolls of poison
 Q - a scroll of vulnerability
 R - a scroll of fog
Potions
 i - a potion of enlightenment
 o - a potion of attraction
 w - 2 potions of haste
 z - 2 potions of curing
 A - 2 potions of brilliance
 D - a potion of degeneration
 F - a potion of resistance
 J - a potion of invisibility {unknown}
 T - a potion of lignification


   Skills:
 - Level 11.6 Fighting
 * Level 8.2 Polearms
 + Level 5.6 Throwing
 + Level 6.1 Armour
 - Level 0.8 Dodging
 - Level 0.7 Stealth
 - Level 11.5 Evocations


You had 11 spell levels left.
You didn't know any spells.
Your spell library contained the following spells:

 Spells                   Type           Power      Damage    Failure   Level
 Summon Small Mammal      Summ           0%         N/A       52%         1
 Cigotuvi's Dreadful Rot  Necr/Alch/Air  0%         N/A       65%         2
 Ensorcelled Hibernation  Hex/Ice        0%         N/A       65%         2
 Jinxbite                 Hex            0%         N/A       65%         2
 Call Canine Familiar     Summ           0%         N/A       87%         3
 Passwall                 Erth           0%         N/A       87%         3
 Swiftness                Air            0%         N/A       87%         3
 Dispel Undead            Necr           0%         3d6       99%         4
 Martyr's Knell           Necr/Summ      0%         N/A       99%         4
 Summon Blazeheart Golem  Fire/Summ      0%         N/A       99%         4
 Alistair's Intoxication  Alch           0%         N/A       100%        5
 Borgnjor's Vile Clutch   Necr/Erth      0%         N/A       100%        5
 Yara's Violent Unravell  Hex/Alch       0%         3d3       100%        5
 Eringya's Noxious Bog    Alch           0%         4d6       100%        6
 Enfeeble                 Hex            0%         N/A       100%        7
 Chain Lightning          Conj/Air       0%         N/A       100%        9
 Fire Storm               Conj/Fire      0%         5d1       100%        9
 Shatter                  Erth           0%         3d5*      100%        9


Dungeon Overview and Level Annotations

Branches:
Dungeon (11/15)            Temple (1/1) D:7            Lair (1/5) D:10
    Orc: D:9-12

Altars:
Ashenzari
Cheibriados
Dithmenos
Elyvilon
Fedhas
Gozag
Hepliaklqana
Kikubaaqudgha
Makhleb
Nemelex Xobeh
Okawaru
Qazlal
Ru
Sif Muna
Trog
Uskayaw
Vehumet
Wu Jian
Xom
Yredelemnul
Zin
The Shining One

Shops:
D:3 (   D:4 ?   D:5 *

Annotations:
D:2 1 runed translucent door, Crazy Yiuf
Lair:1 exclusion: 2 oklob plants


Innate Abilities, Weirdness & Mutations

Your life essence is reduced to manifest your ancestor. (-10% HP)
You can wield a second weapon in your off-hand.
It takes a long time for you to wield or remove held weapons.
Your first few attacks do less damage.
You cannot equip rings or amulets.


Message History

The polar bear goes berserk!
Motaucuh hits the komodo dragon with a +0 dagger of draining.
Motaucuh drains the komodo dragon.
The komodo dragon bites you!
You hit the polar bear with your +5 trident of flaming.
You burn the polar bear.
The polar bear is almost dead.
You hit the polar bear with your +4 war axe of freezing.
You freeze the polar bear.
You hit the komodo dragon with your +4 war axe of freezing.
You freeze the komodo dragon.
You hit the bullfrog with your +4 war axe of freezing.
You freeze the bullfrog.
The bullfrog hits you but does no damage.
The polar bear bites you!! The polar bear claws you.
The polar bear claws you but does no damage.
Motaucuh hits the komodo dragon with a +0 dagger of draining.
Motaucuh points at the polar bear and mumbles some strange words.
The komodo dragon resists with some effort.
The komodo dragon bites you.
The bullfrog hits you but does no damage.
Aiming: Charm
Press: ? - help, Shift-Dir - straight line, f - polar bear
Aim: a polar bear (almost dead, berserk, ally target, chance to affect: 73%)
The polar bear struggles to resist.
The polar bear bites you but does no damage.
The polar bear closely misses you.
The polar bear claws you but does no damage.
The bullfrog hits you but does no damage.
The polar bear bites you! The polar bear barely misses you.
The polar bear closely misses you.
The komodo dragon bites you but does no damage.
Unknown command.
Aiming: Charm
Press: ? - help, Shift-Dir - straight line, f/p - polar bear
Aim: a polar bear (almost dead, berserk, ally target, chance to affect: 73%)
The polar bear struggles to resist.
The bullfrog hits you.
* * * LOW HITPOINT WARNING * * *
The polar bear bites you!!
You die...
Hepliaklqana delivers you to your ancestors.

...##....#......
........#....#...... #....
#.....#...... #####.#..
###....#......
........+##)..Y.........
............l....######. ..
..........................
.............hl....R..........
................@F..l....).......
...#+...##.......................
.........P......................
#..........P.##..##.......#+.+#
#.................#............
#.......#.........#......#.....
#..........#......#......#.....
#....<..#..#......#............
.............+......#......#.....


You could see the friendly Motaucuh the hexer, a polar bear (berserk, ally
target), 3 komodo dragons, a yak and a bullfrog.

Vanquished Creatures
  An ugly thing (D:11)
  A manticore (D:8)
  An elephant (D:10)
  A gargoyle (D:10)
  Maggie (D:8)
  Psyche (D:8)
  A troll (D:10)
  Grinder (D:3)
  A hornet (D:8)
  21 yaks
  2 humans (D:9)
  A vampire (D:11)
  A basilisk (D:10)
  2 wraiths
  2 vampire mosquitoes (D:10)
  Menkaure (D:5)
  A water moccasin (D:8)
  2 sky beasts (D:6)
  3 black bears
  3 orc warriors
  2 laughing skulls (D:11)
  5 ogres
  3 centaurs
  5 phantoms
  2 kobold brigands
  5 bullfrogs
  4 scorpions
  3 gnoll sergeants
  5 wights (D:9)
  7 killer bees
  9 howler monkeys
  An electric eel (D:8)
  A quasit (D:8)
  3 hounds (D:6)
  4 orc priests
  A sleepcap (D:8)
  4 jellies
  Terence (D:2)
  A hexer (D:11)
  5 iguanas
  8 orc wizards
  7 adders
  13 gnolls
  2 shadow imps
  2 white imps
  An ufetubus (D:8)
  5 dart slugs
  A ribbon worm (D:3)
  25 orcs
  A bat (D:3)
  8 endoplasms
  4 giant cockroaches
  4 hobgoblins
  5 quokkas
  10 ball pythons
  2 frilled lizards
  8 goblins
  18 kobolds
  A rat (D:2)
244 creatures vanquished.

Vanquished Creatures (collateral kills)
  A manticore (D:11)
  An ugly thing (D:11)
  Joseph (D:8)
  An unseen horror (D:11)
  2 yaks (Lair:1)
  A water moccasin (Lair:1)
7 creatures vanquished.

Vanquished Creatures (others)
  An ancestor (D:10)
  2 hexers (D:11)
3 creatures vanquished.

Grand Total: 254 creatures vanquished

Notes
Turn   | Place    | Note
-------+----------+-------------------------------------------
     0 | D:1      | runemasterragnar the Coglin Artificer began the quest for
                  | the Orb.
     0 | D:1      | Reached XP level 1. HP: 15/15 MP: 1/1
    86 | D:1      | Reached XP level 2. HP: 21/22 MP: 2/2
   705 | D:1      | Found a faded altar of an unknown god.
   961 | D:2      | Reached XP level 3. HP: 26/28 MP: 3/3
  1073 | D:2      | Noticed Terence
  1082 | D:2      | Killed Terence
  1083 | D:2      | Reached skill level 5 in Evocations
  1083 | D:2      | Reached XP level 4. HP: 11/35 MP: 4/4
  1575 | D:2      | Found a sacrificial altar of Ru.
  1851 | D:2      | Found a runed translucent door.
  1852 | D:2      | Noticed Crazy Yiuf
  2175 | D:3      | Reached XP level 5. HP: 42/42 MP: 5/5
  2217 | D:3      | Found Fibadonn's Antique Weapon Boutique.
  2618 | D:3      | Noticed Grinder
  2630 | D:3      | Paralysed by Grinder for 4 turns
  2631 | D:3      | Killed Grinder
  2632 | D:3      | Reached skill level 5 in Fighting
  2632 | D:3      | Reached XP level 6. HP: 6/51 MP: 6/6
  3239 | D:3      | Bought a polished dire flail for 162 gold pieces
  3239 | D:3      | Identified the +5 dire flail of Slime {heavy, Int+4 Stlth+}
                  | (You bought it in a shop on level 3 of the Dungeon)
  3278 | D:4      | Found Gunn's Magic Scroll Boutique.
  3295 | D:4      | Reached XP level 7. HP: 44/57 MP: 7/7
  3540 | D:4      | You fall into a shaft and drop 3 floors!
  3848 | D:5      | Entered Level 5 of the Dungeon
  3985 | D:5      | Reached XP level 8. HP: 67/67 MP: 8/8
  4717 | D:4      | Found a glowing silver altar of Zin.
  4938 | D:4      | Bought a scroll of teleportation for 30 gold pieces
  4938 | D:4      | Bought a scroll of identify for 20 gold pieces
  4938 | D:4      | Bought a scroll of identify for 20 gold pieces
  4938 | D:4      | Bought a scroll of noise for 10 gold pieces
  4938 | D:4      | Bought a scroll of immolation for 40 gold pieces
  5265 | D:5      | Noticed Menkaure
  5272 | D:5      | Killed Menkaure
  5276 | D:5      | Reached XP level 9. HP: 55/76 MP: 9/9
  5554 | D:5      | Found Etoiv's General Store.
  6287 | D:6      | Reached skill level 10 in Evocations
  6293 | D:6      | Reached skill level 10 in Fighting
  6542 | D:6      | Noticed a two-headed ogre
  7443 | D:7      | Reached XP level 10. HP: 73/88 MP: 10/10
  7665 | D:7      | Found a staircase to the Ecumenical Temple.
  7686 | Temple   | Entered the Ecumenical Temple
  7691 | Temple   | Became a worshipper of Hepliaklqana the Forgotten
  7857 | D:8      | Noticed Psyche
  7870 | D:8      | Killed Psyche
  8273 | D:8      | Noticed Joseph
  8280 | D:8      | Killed Joseph
  8281 | D:8      | Reached skill level 1 in Polearms
  8281 | D:8      | Reached skill level 1 in Throwing
  8288 | D:8      | Noticed Maggie
  8354 | D:8      | Killed Maggie
  9068 | D:9      | Noticed a manticore
  9079 | D:8      | Killed a manticore
  9873 | D:9      | Reached XP level 11. HP: 33/93 MP: 11/11
  9875 | D:9      | Reached skill level 5 in Polearms
 10316 | D:9      | Found an iron altar of Okawaru.
 10391 | D:9      | Found a radiant altar of Vehumet.
 10397 | D:9      | Reached * piety under Hepliaklqana
 10799 | D:10     | Entered Level 10 of the Dungeon
 10823 | D:10     | Found a staircase to the Lair.
 11215 | D:10     | Found a stormy altar of Qazlal.
 11226 | D:10     | Reached skill level 5 in Armour
 11795 | D:10     | Found a hide-covered altar of Uskayaw.
 11796 | D:10     | Found a shadowy altar of Dithmenos.
 11887 | D:10     | Reached ** piety under Hepliaklqana
 11888 | D:10     | Remembered your ancestor Motaucuh as a hexer
 12134 | D:11     | Noticed a red ugly thing
 12138 | D:11     | Killed a red ugly thing
 12145 | D:11     | Reached skill level 5 in Throwing
 12202 | D:11     | Noticed a skeletal warrior
 12536 | D:11     | Noticed a white ugly thing
 12546 | D:11     | HP: 4/85 [white ugly thing (35)]
 12557 | D:11     | Killed a white ugly thing
 12918 | D:11     | Noticed a manticore
 12926 | D:11     | Killed a manticore
 12927 | D:11     | Reached XP level 12. HP: 87/90 MP: 12/12
 13044 | Lair:1   | Entered Level 1 of the Lair of Beasts
 13157 | Lair:1   | Slain by a polar bear

Illustrated notes

Levels and vault maps discovered:
D:1:      minmay_arrival_three_doors, layout_basic,
          hellmonk_ecumenical_altar_leap_of_faith
D:2:      layout_loops_ring, basic_altar, minivault_19, uniq_terence,
          uniq_crazy_yiuf_cottage
D:3:      layout_basic, serial_shops, nicolae_diamond_shop, uniq_grinder
D:4:      layout_rooms, zin_statuary, serial_shops, shop
D:5:      layout_basic, serial_shops, shop, uniq_menkaure
D:6:      minmay_chambers_of_threes, layout_basic, minmay_fractal_squares_5
D:7:      layout_rooms, temple_doors_e, nicolae_grassy_gnolls
D:8:      layout_loops_ring, serial_demonic, serial_demonic_e, serial_demonic_d,
          serial_demonic_f, serial_demonic_b, minmay_crystal_water, uniq_psyche,
          uniq_maggie, uniq_joseph
D:9:      layout_rooms, amcnicky_altar_gilded, okawaru_humans
D:10:     layout_stronghold, mainiacjoe_overflow_surrounded_room,
          grunt_temple_overflow_open, david_lair_generic
D:11:     layout_basic, nzn_life_drinkers
Temple:   nicolae_temple_bog_church
Lair:1:   minmay_lair_oklob_chamber, layout_regular_city, minivault_27,
          lemuel_fruit_fields

Skill      XL: |  1  2  3  4  5  6  7  8  9 10 11 |
---------------+----------------------------------+-----
Fighting       | 2 3 5 7 9 11 | 11.6
Evocations     | 5 6 7 9 11 | 11.5
Polearms       | 4 8 |  8.2
Throwing       | 3 5 |  5.6
Armour         | 3 6 |  6.1
Dodging        | |  0.8
Stealth        | |  0.7

Action                     |  1- 3 |  4- 6 |  7- 9 | 10-12 || total
---------------------------+-------+-------+-------+-------++-------
  Melee: Dagger            |    63 |   105 |   319 |   127 ||   614
         Club              |    30 |       |       |       ||    30
         Short sword       |    34 |   104 |   321 |    40 ||   499
         Trident           |       |       |       |   237 ||   237
         War axe           |       |       |       |   104 ||   104
  Throw: Dart              |       |       |       |     7 ||     7
         Boomerang         |       |       |       |     3 ||     3
 Invoke: Ancestor Life: He |       |       |       |     1 ||     1
  Evoke: Wand              |       |       |     7 |    25 ||    32
    Use: Potion            |     1 |     1 |     1 |     2 ||     5
         Scroll            |       |     5 |    10 |     3 ||    18
   Stab: Sleeping          |     5 |       |       |       ||     5
         Invisible         |       |       |     3 |     2 ||     5
         Paralysed         |       |       |       |     6 ||     6
         Distracted        |       |       |       |     3 ||     3
 Armour: Leather armour    |    38 |     1 |       |       ||    39
         Ring mail         |       |    49 |    43 |       ||    92
         Skin              |       |    35 |       |    35 ||    70
         Scale mail        |       |       |   251 |    30 ||   281
         Swamp dragon scal |       |       |       |   189 ||   189
  Dodge: Dodged            |    42 |    38 |   137 |   160 ||   377

Table legend: (Time is in decaauts)
 A = Elapsed time spent in this place.
 B = Non-inter-level travel time spent in this place.
 C = Inter-level travel time spent in this place.
 D = Time resting spent in this place.
 E = Time spent auto-exploring this place.
 F = Levels seen in this place.
 G = Mean time per level.
                   A        B        C        D        E       F      G
               +--------+--------+--------+--------+--------+-----+--------+
         Total |  13187 |  12477 |    710 |   3019 |   7355 |  13 | 1014.4 |
       Dungeon |  13062 |  12362 |    700 |   3019 |   7288 |  11 | 1187.5 |
        Temple |     10 |      1 |      9 |      0 |      0 |   1 |   10.0 |
          Lair |    113 |    113 |      0 |      0 |     67 |   1 |  113.0 |
               +--------+--------+--------+--------+--------+-----+--------+

Top non-repeatable levels by time:
     D:8: 2308 daAuts
    D:10: 1478 daAuts
     D:3: 1327 daAuts
     D:6: 1317 daAuts
     D:4: 1140 daAuts
     D:5: 1084 daAuts
     D:2: 1017 daAuts
     D:7: 945 daAuts
     D:1: 916 daAuts
    D:11: 780 daAuts
     D:9: 746 daAuts
  Lair:1: 113 daAuts
  Temple: 10 daAuts
